 Dungeon Crawl Stone Soup version 0.31-a0-702-gf82c85558f (webtiles) character file.

Game seed: 17675624338231271372

36 qw the Shooter (level 3, -2/22 HPs)
             Began as a Gargoyle Hunter on Sept 7, 2023.
             Slain by a goblin
             ... wielding a +0 club
             ... led by Robin
              (4 damage)
             ... on level 2 of the Dungeon.
             The game lasted 00:00:16 (776 turns).

qw the Shooter (Gargoyle Hunter)                     Turns: 776, Time: 00:00:17

Health: -2/22      AC:  6    Str: 14    XL:     3   Next: 37%
Magic:  3/3        EV: 11    Int:  9    God:
Gold:   44         SH:  0    Dex: 15    Spells: 2/2 levels left

rFire   . . .        Y - +1 shortbow
rCold   . . .        (shield currently unavailable)
rNeg    + . .        c - +0 leather armour
rPois   inf          (no helmet)
rElec   +            (no cloak)
rCorr   .            (no gloves)
SInv    .            (no boots)
Will    .....        (no amulet)
Stlth   ++           (no ring)
HPRegen 0.23/turn    (no ring)
MPRegen 0.08/turn

%: no passive effects
@: no status effects
A: sickness immunity, AC +3, negative energy resistance 1, electricity
resistance, torment resistance 1, petrification resistance
a: no special abilities


You were on level 2 of the Dungeon.
You visited 1 branch of the dungeon, and saw 2 of its levels.

You collected 44 gold pieces.


Innate Abilities, Weirdness & Mutations

You are immune to sickness and miasma.
Your stone body is resilient. (AC +3)
You are immune to poison.
You resist negative energy. (rN+)
You are resistant to electric shocks. (rElec)
You are resistant to unholy torment.
You are immune to petrification.


   Skills:
 + Level 2.5 Fighting
 - Level 5.0 Ranged Weapons
 - Level 1.5 Dodging
 - Level 1.1 Stealth


You had 2 spell levels left.
You didn't know any spells.
Your spell library was empty.

Inventory:

Hand Weapons
 Y - a +1 shortbow (weapon)
Armour
 c - a +0 leather armour (worn)
Scrolls
 a - a scroll of identify
Potions
 d - a potion of cancellation {unknown}
 e - 2 potions of curing
 g - a potion of degeneration {unknown}

Dungeon Overview and Level Annotations

Branches:
Dungeon (2/15)

Altars:

Annotations:
D:2 Robin


Message History

You shoot an arrow.
Robin shouts!
The arrow hits the goblin.
The goblin is moderately wounded.
The goblin hits you but does no damage. The goblin barely misses you.
The goblin hits you with a +0 dagger.
You shoot an arrow. The arrow hits the goblin.
You kill the goblin!
A ball python comes into view.
The goblin closely misses you. The goblin hits you but does no damage.
You shoot an arrow. The ball python hisses angrily.
The arrow hits the goblin.
The goblin is severely wounded.
The goblin closely misses you. The goblin hits you with a +0 club.
The goblin hits you but does no damage. The goblin hits you with a +0 dagger.
The goblin hits you but does no damage. The goblin barely misses you.
Robin roars a battlecry!
The goblins go into a battle-frenzy!
You shoot an arrow. The arrow hits the goblin!
You kill the goblin!
The goblin closely misses you. The goblin hits you but does no damage.
You shoot an arrow. The arrow hits the hobgoblin!
You kill the hobgoblin!
Robin laughs in a distinctly smug fashion.
Robin throws the goblin at you! The goblin hits you but does no damage.
The goblin hits you with a +0 club. The goblin barely misses you.
You shoot an arrow. The arrow closely misses the goblin.
The goblin misses you. The goblin barely misses you.
The goblin hits you with a +0 club.
You shoot an arrow. The arrow hits the goblin.
You kill the goblin!
The goblin hits you with a +0 dagger. The goblin hits you but does no damage.
An endoplasm comes into view.
The hobgoblin hits you. The goblin hits you with a +0 club.
The goblin hits you with a +0 dagger.
You shoot an arrow. The arrow barely misses the hobgoblin.
The hobgoblin barely misses you. The goblin hits you but does no damage.
The goblin hits you with a +0 club.
You die...

....# ....# ....###
....... %......
g......
###########gg.....
###......#..@gg.....
#..........##g......
###..........#
.......
.............#
..)....
.>.....#.###.#
....... ###..<...#.#
.......
......####.#.#
####### .###. .#.# #
..#


You could see Robin, 2 hobgoblins and 3 goblins.

Vanquished Creatures
  A dart slug (D:1)
  2 endoplasms (D:1)
  2 giant cockroaches (D:1)
  10 goblins
  4 hobgoblins
  2 ball pythons
  A bat (D:1)
  2 frilled lizards (D:1)
  3 kobolds
  2 rats (D:1)
29 creatures vanquished.

Notes
Turn   | Place    | Note
-------+----------+-------------------------------------------
     0 | D:1      | qw the Gargoyle Hunter began the quest for the Orb.
     0 | D:1      | Reached XP level 1. HP: 12/12 MP: 1/1
     0 | D:1      | 0 ||| qw: Version: 0.3-a-76-g4403597
     0 | D:1      | 0 ||| qw: Game counter: 743
     0 | D:1      | 0 ||| qw: Melee chars always use a shield: true
     0 | D:1      | 0 ||| qw: God list: Okawaru
     0 | D:1      | 0 ||| qw: Allow faded altars: false
     0 | D:1      | 0 ||| qw: Do Orc after clearing Dungeon:15 true
     0 | D:1      | 0 ||| qw: Do second Lair branch before Depths: true
     0 | D:1      | 0 ||| qw: Lair rune preference: random
     0 | D:1      | 0 ||| qw: Goals: Normal
     0 | D:1      | 0 ||| PLANNING D:1-11
   131 | D:1      | Reached XP level 2. HP: 17/17 MP: 2/2
   146 | D:1      | Noticed an eye of devastation
   148 | D:1      | Found a faded altar of an unknown god.
   150 | D:1      | 150 ||| READING scroll labelled HUXTIS KUSKI.
   243 | D:1      | Noticed a great orb of eyes
   249 | D:1      | Noticed a floating eye
   253 | D:1      | Noticed a shining eye
   427 | D:1      | Reached XP level 3. HP: 21/21 MP: 3/3
   732 | D:1      | 732 ||| READING 2 scrolls labelled PUUKAH LUZYPH.
   733 | D:1      | 733 ||| READING scroll labelled SILISHRU WOABEY.
   734 | D:1      | 734 ||| READING scroll labelled MEONIRATIE.
   735 | D:1      | 735 ||| DRINKING 3 bubbling red potions.
   736 | D:1      | 736 ||| DROPPING scroll of butterflies.
   760 | D:2      | Reached skill level 5 in Ranged Weapons
   768 | D:2      | Noticed Robin
   775 | D:2      | HP: 4/22 [hobgoblin[Robin] (2)]
   776 | D:2      | Slain by a goblin

Levels and vault maps discovered:
D:1:      dpeg_arrival_three_smaller_balls, layout_basic,
          hellmonk_ecumenical_altar_watching_god
D:2:      layout_basic, chequers_serial_rivers_micro_d, uniq_robin,
          uniq_crazy_yiuf_cottage

Skill      XL: |  1  2  3 |
---------------+----------+-----
Ranged Weapons | 5 |  5.0
Fighting       | |  2.5
Dodging        | |  1.5
Stealth        | |  1.1

Action                     || total
---------------------------++-------
   Fire: Shortbow          ||    60
    Use: Scroll            ||     4
         Potion            ||     1
 Armour: Leather armour    ||    24
  Dodge: Dodged            ||    18

Table legend:
 A = Non-vault XP
 B = Vault XP
 C = Vault XP percentage of total XP
 D = Non-vault monster count
 E = Vault monster count
 F = Vault count percentage of total count
                 A         B        C        D         E       F
            +---------+---------+-------+---------+---------+-------
      Total |      40 |      12 |  23.1 |      23 |       6 |  20.7
            +---------+---------+-------+---------+---------+-------
        D:1 |      37 |       0 |   0.0 |      21 |       0 |   0.0
        D:2 |       3 |      12 |  80.0 |       2 |       6 |  75.0
            +---------+---------+-------+---------+---------+-------
